 Dungeon Crawl Stone Soup version 0.17.1-1-g73c8601 (webtiles) character file.

4365 Lektor the Cleaver (level 10, -1/135 HPs)
             Began as a Minotaur Berserker on Dec 11, 2015.
             Was an Elder of Trog.
             Slain by Grum
             ... wielding a -1 spear
              (19 damage)
             ... on level 8 of the Dungeon.
             The game lasted 00:33:56 (6648 turns).

Lektor the Cleaver (Minotaur Berserker)             Turns: 6648, Time: 00:33:57

Health: -1/135     AC:  8    Str: 27    XL:     10   Next: 13%
Magic:  9/9        EV: 15    Int:  6    God:    Trog [****..]
Gold:   436        SH:  5    Dex: 11    Spells: 0 memorised, 9 levels left

rFire  + . .     SeeInvis .     Y - +0 broad axe
rCold  . . .     Clarity  .     Z - +3 leather armour {rN+}
rNeg   + . .     SustAt   .     X - +0 buckler
rPois  .         Gourm    .     (helmet restricted)
rElec  .         Spirit   .     u - +0 cloak
rCorr  .         Warding  .     x - +0 pair of gloves
rMut   .         Stasis   .     (no boots)
MR     .....                    (no amulet)
Stlth  ..........               G - +3 ring of evasion
                                g - ring of protection from fire

@: berserking, very quick, not resistant to hostile enchantments, extremely
unstealthy
A: retaliatory headbutt, horns 2
a: Berserk, Trog's Hand, Brothers in Arms, Burn Spellbooks, Renounce Religion


You were on level 8 of the Dungeon.
You worshipped Trog.
Trog was greatly pleased with you.
You were not hungry.

You visited 1 branch of the dungeon, and saw 8 of its levels.

You collected 436 gold pieces.

Inventory:

Hand Weapons
 j - a +0 war axe
 p - a +0 hunting sling
 L - a +0 shortbow
 V - a +2 hand axe of freezing
 W - a +0 blowgun
 Y - a +0 broad axe (weapon)
Missiles
 a - 2 javelins
 f - 294 stones
 s - 42 bolts
 v - 152 arrows
 w - 2 needles of paralysis
 D - 13 sling bullets
 K - 8 poisoned javelins
 N - 7 bolts of frost
 P - 2 throwing nets
 Q - 20 sling bullets of flame
Armour
 u - a +0 cloak (worn)
 x - a +0 pair of gloves (worn)
 X - a +0 buckler (worn)
 Z - a +3 leather armour of positive energy (worn)
Jewellery
 g - a ring of protection from fire (left hand)
 C - an uncursed ring of flight
 G - a +3 ring of evasion (right hand)
 J - an uncursed ring of ice
Wands
 l - a wand of polymorph (5)
 y - a wand of random effects (25)
 H - a wand of magic darts (27)
 T - a wand of frost (39)
Scrolls
 h - 2 scrolls of blinking
 i - a scroll of enchant armour {unknown}
 n - 2 scrolls of identify
 E - 3 scrolls of noise {unknown}
 F - a scroll of remove curse
 M - a scroll of fear {unknown}
 O - 5 scrolls of teleportation
Potions
 b - a potion of cure mutation
 d - a potion of haste {unknown}
 e - 2 potions of curing
 k - 2 potions of might
 m - 2 potions of degeneration {unknown}
 q - 4 potions of brilliance {unknown}
 r - a potion of lignification
 A - a potion of mutation
 B - 3 potions of agility
 I - 2 potions of flight {unknown}
Books
 o - a book of Changes (quivered)

   Spells                             Type                      Level
   a - Beastly Appendage              Transmutation                1
   b - Sticks to Snakes               Transmutation                2
   c - Spider Form                    Transmutation/Poison         3
   d - Ice Form                       Ice/Transmutation            4
   e - Blade Hands                    Transmutation                5
   Trog disapproves of the use of such an item.
Comestibles
 c - 11 bread rations
 t - a royal jelly
 z - 2 meat rations
 R - 2 chunks of flesh
 S - 2 slices of pizza
 U - 8 beef jerkies


   Skills:
 + Level 8.7 Fighting
 * Level 14.0 Axes
 - Level 2.5 Armour
 - Level 2.3 Dodging
 - Level 6.2 Shields
 + Level 0.8 Evocations


You had 9 spell levels left.
You didn't know any spells.

Dungeon Overview and Level Annotations

Branches:
Dungeon (8/15)             Temple (0/1) D:4
   Lair: D:8-11

Altars:
Cheibriados
Elyvilon
Fedhas
Nemelex Xobeh
Okawaru
Qazlal
Ru

Annotations:
D:8 Grum


Innate Abilities, Weirdness & Mutations

You reflexively headbutt those who attack you in melee.
You have a pair of horns on your head.


Message History

The wolf misses you.
You slash Grum! You headbutt Grum.
Grum is moderately wounded.
You slash the wolf!
The wolf is heavily wounded.
You block the wolf's attack. Grum barely misses you.
The wolf bites you but does no damage.
A red film seems to cover your vision as you go berserk!
You feel yourself moving faster!
You feel mighty!
You feel somewhat more hungry. The wolf misses you.
Grum hits you with a spear!!
* * * LOW HITPOINT WARNING * * *
You completely miss Grum.
Grum is moderately wounded.
You closely miss the wolf.
The wolf is heavily wounded.
The wolf bites you.
* * * LOW HITPOINT WARNING * * *
Grum hits you with a spear!!
You die...

#..........
##..........
###.......####
#####....###..#
#.#....### ..#
#....## ..#
##...## #
#..### #h@#
#g.# #... .....
..$....
.........
...........
##...........


You could see Grum and a wolf.

Vanquished Creatures
  Sigmund (D:3)
  2 hungry ghosts
  The ghost of Peloso the Shield-Bearer, an amateur MiFi (D:4)
  6 yaks (D:7)
  3 wolves (D:8)
  2 ice beasts
  A sky beast (D:5)
  2 orc warriors
  A necrophage (D:6)
  2 ogres
  A big kobold (D:8)
  4 centaurs
  3 giant frogs
  2 scorpions (D:7)
  3 crimson imps
  2 giant frog zombies
  4 orc priests
  7 hounds
  Crazy Yiuf (D:2)
  Ijyb (D:2)
  An iguana (D:8)
  Terence (D:3)
  Natasha (thrice) (D:3)
  5 orc wizards
  5 worker ants
  A hound zombie (D:6)
  A hound skeleton (D:6)
  A worker ant zombie (D:5)
  Robin (D:3)
  3 gnolls (D:2)
  6 adders
  A shadow imp (D:5)
  2 oozes (D:1)
  A worm (D:2)
  An adder skeleton (D:5)
  3 giant geckos
  28 orcs
  A ball python (D:3)
  7 bats
  2 giant cockroaches
  5 hobgoblins
  3 quokkas
  A giant cockroach zombie (D:5)
  5 giant newts
  19 goblins
  3 jackals (D:6)
  A jackal skeleton (D:4)
  A jackal zombie (D:7)
  14 kobolds
  8 rats
  A fungus (D:2)
184 creatures vanquished.

Vanquished Creatures (others)
  A hound zombie (D:7)
1 creature vanquished.

Grand Total: 185 creatures vanquished

Notes
Turn   | Place    | Note
--------------------------------------------------------------
     0 | D:1      | Lektor the Minotaur Berserker began the quest for the Orb.
     0 | D:1      | Reached XP level 1. HP: 19/19 MP: 0/0
    61 | D:1      | Reached XP level 2. HP: 27/27 MP: 1/1
    64 | D:1      | Reached skill level 4 in Axes
   544 | D:2      | Noticed Ijyb
   547 | D:2      | Reached XP level 3. HP: 28/33 MP: 2/2
   572 | D:2      | Killed Ijyb
   572 | D:2      | Reached skill level 5 in Axes
   680 | D:2      | Reached XP level 4. HP: 36/40 MP: 3/3
   829 | D:2      | Reached skill level 6 in Axes
  1002 | D:2      | Found a sacrificial altar of Ru.
  1019 | D:2      | Found a snail-covered altar of Cheibriados.
  1019 | D:2      | Found a white marble altar of Elyvilon.
  1144 | D:2      | Reached ** piety under Trog
  1218 | D:2      | Noticed Crazy Yiuf
  1225 | D:2      | Killed Crazy Yiuf
  1498 | D:2      | Reached XP level 5. HP: 46/46 MP: 4/4
  1531 | D:2      | Reached skill level 7 in Axes
  1722 | D:3      | Noticed Terence
  1730 | D:3      | Killed Terence
  1800 | D:3      | Noticed Sigmund
  1809 | D:3      | Killed Sigmund
  1809 | D:3      | Reached skill level 8 in Axes
  1809 | D:3      | Reached XP level 6. HP: 52/52 MP: 5/5
  2068 | D:3      | Noticed Robin
  2093 | D:3      | Killed Robin
  2115 | D:3      | Noticed Natasha
  2127 | D:3      | Killed Natasha
  2127 | D:3      | Reached *** piety under Trog
  2314 | D:3      | Noticed an ice beast
  2329 | D:3      | Killed an ice beast
  2329 | D:3      | Reached skill level 9 in Axes
  2419 | D:4      | Found a staircase to the Ecumenical Temple.
  2456 | D:4      | Reached XP level 7. HP: 55/58 MP: 6/6
  2561 | D:3      | Noticed Natasha
  2567 | D:3      | Killed Natasha
  2808 | D:4      | Noticed Peloso's ghost (amateur MiFi)
  2818 | D:4      | Killed Peloso's ghost
  2855 | D:3      | Noticed Natasha
  2967 | D:3      | Killed Natasha
  3005 | D:4      | Reached skill level 10 in Axes
  3440 | D:5      | Entered Level 5 of the Dungeon
  3508 | D:5      | Reached skill level 5 in Fighting
  3513 | D:5      | Found a stormy altar of Qazlal.
  3713 | D:5      | Reached skill level 11 in Axes
  3713 | D:5      | Reached XP level 8. HP: 64/69 MP: 7/7
  4488 | D:6      | Reached skill level 12 in Axes
  4555 | D:6      | Found a sparkling altar of Nemelex Xobeh.
  4560 | D:6      | Found an iron altar of Okawaru.
  4561 | D:6      | Found a blossoming altar of Fedhas.
  4839 | D:6      | Reached XP level 9. HP: 74/79 MP: 8/8
  4993 | D:6      | Reached skill level 1 in Shields
  4994 | D:6      | Reached **** piety under Trog
  5316 | D:7      | Reached skill level 5 in Shields
  5321 | D:7      | HP: 3/79 [yak (3)]
  5377 | D:7      | Reached skill level 13 in Axes
  5952 | D:7      | Received a gift from Trog
  6456 | D:8      | Reached XP level 10. HP: 81/90 MP: 9/9
  6630 | D:8      | Noticed Grum
  6641 | D:8      | Reached skill level 14 in Axes
  6648 | D:8      | Slain by Grum

Action                   |  1- 3 |  4- 6 |  7- 9 | 10-12 || total
-------------------------+-------+-------+-------+-------++-------
Melee: Hand axe          |    41 |   121 |   192 |       ||   354
       Unarmed           |    22 |       |       |       ||    22
       War axe           |       |       |   144 |    14 ||   158
       Broad axe         |       |       |       |    13 ||    13
 Fire: Hunting sling     |       |    20 |     2 |       ||    22
Invok: Berserk           |     1 |     5 |     3 |     1 ||    10
       Trog's Hand       |       |       |     2 |       ||     2
Evoke: Wand              |       |       |     1 |       ||     1
  Use: Potion            |     1 |       |       |     4 ||     5
       Scroll            |       |     5 |     2 |       ||     7
  Eat: Chunk             |       |    11 |    20 |     1 ||    32
       Fruit             |       |       |     1 |       ||     1
